 Dungeon Crawl Stone Soup version 0.30-a0-1053-gbd8d5ba0ad (webtiles) character file.

Game seed: 17173784274863892987

10747 vineage the Fighter (level 11, -5/76 HPs)
             Began as a Gargoyle Fighter on Apr 11, 2023.
             Was a High Priest of Okawaru.
             Slain by a komodo dragon (17 damage)
             ... on level 2 of the Lair of Beasts.
             The game lasted 00:11:53 (10648 turns).

vineage the Fighter (Gargoyle Fighter)             Turns: 10648, Time: 00:11:53

Health: -5/76      AC: 29    Str: 23    XL:     11   Next: 66%
Magic:  0/14       EV:  9    Int:  8    God:    Okawaru [*****.]
Gold:   633        SH:  8    Dex: 11    Spells: 10/10 levels left

rFire   . . .      SeeInvis .    u - +0 morningstar
rCold   . . .      Faith    .    c - +1 buckler
rNeg    + . .      Spirit   +    E - +0 plate armour
rPois   ∞          Reflect  .    g - +0 helmet
rElec   +          Rampage  .    z - +1 cloak
rCorr   +                        C - +0 pair of gloves
Will    .....                    (no boots) Stlth
                                 y - amulet of guardian spirit
HPRegen 0.32/turn                t - ring of resist corrosion
MPRegen 0.14/turn                (no ring)

@: heroic
A: sickness immunity, AC +8, negative energy resistance 1, electricity
resistance, torment resistance 1, petrification resistance
a: Renounce Religion, Heroism, Finesse, Duel


You were on level 2 of the Lair of Beasts.
You worshipped Okawaru.
Okawaru was extremely pleased with you.
You visited 3 branches of the dungeon, and saw 13 of its levels.

You collected 633 gold pieces.

Inventory:

Hand Weapons
 a - a +0 flail
 u - a +0 morningstar (weapon)
Missiles
 b - a throwing net (quivered)
Armour
 c - a +1 buckler (worn)
 g - a +0 helmet (worn)
 z - a +1 cloak (worn)
 C - a +0 pair of gloves (worn)
 E - a +0 plate armour (worn)
Jewellery
 t - a ring of resist corrosion (left hand)
 y - an amulet of guardian spirit (around neck)
Wands
 p - a wand of iceblast (16)
 x - a wand of mindburst (6)
 F - a wand of paralysis (15)
Scrolls
 f - 5 scrolls of teleportation
 k - 2 scrolls of summoning
 l - a scroll of poison
 o - 5 scrolls of enchant armour
 w - 2 scrolls of fear
 A - a scroll of fog
 D - a scroll of amnesia
Potions
 d - 7 potions of might
 h - 2 potions of flight
 i - 3 potions of lignification
 j - 4 potions of curing
 m - 2 potions of cancellation
 n - a potion of magic
 q - a potion of attraction
 r - a potion of brilliance
 v - 3 potions of heal wounds {unknown}
 B - a potion of degeneration {unknown}
 G - 2 potions of haste {unknown}


   Skills:
 + Level 12.7(17.7) Fighting
 * Level 9.1(14.1) Maces & Flails
 + Level 8.5(13.5) Armour
 + Level 8.5(13.5) Shields
 - Level 5.2 Invocations


You had 10 spell levels left.
You didn't know any spells.
Your spell library contained the following spells:

 Spells                   Type           Power      Damage    Failure   Level
 Apportation              Tloc           0%         N/A       99%         1
 Slow                     Hex            0%         N/A       99%         1
 Poisonous Vapours        Pois/Air       0%         N/A       100%        2
 Confusing Touch          Hex            0%         N/A       100%        3
 Inner Flame              Hex/Fire       0%         N/A       100%        3
 Mephitic Cloud           Conj/Pois/Air  0%         N/A       100%        3
 Ozocubu's Armour         Ice            0%         N/A       100%        3
 Vampiric Draining        Necr           0%         2d6       100%        3
 Volatile Blastmotes      Fire/Tloc      0%         2d10      100%        3
 Flame Wave               Conj/Fire      0%         2d4       100%        4
 Fulminant Prism          Conj/Hex       0%         3d5       100%        4
 Iskenderun's Mystic Bla  Conj/Tloc      0%         2d3       100%        4
 Sticky Flame             Conj/Fire      0%         2d3       100%        4
 Alistair's Intoxication  Tmut/Pois      0%         N/A       100%        5
 Freezing Cloud           Conj/Ice/Air   0%         6-21      100%        5
 Lee's Rapid Deconstruct  Erth           0%         3d4*      100%        5
 Ozocubu's Refrigeration  Ice            0%         4d7       100%        7


Dungeon Overview and Level Annotations

Branches:
Dungeon (10/15)            Temple (1/1) D:4            Lair (2/5) D:8
  Swamp: Lair:2-3    Shoals: Lair:2-3     Snake: Lair:2-3    Spider: Lair:2-3
    Orc: D:9-12

Altars:
Cheibriados
Dithmenos
Fedhas
Gozag
Hepliaklqana
Kikubaaqudgha
Makhleb
Okawaru
Qazlal
Ru
Uskayaw
Wu Jian
Zin
The Shining One

Shops:
D:3 :   D:5 *(

Annotations:
D:10 3 runed translucent doors, UltrafastDeath's ghost, journeyman TeAE


Innate Abilities, Weirdness & Mutations

You are immune to sickness and miasma.
Your stone body is resilient. (AC +8)
You are immune to poison.
You resist negative energy. (rN+)
You are resistant to electric shocks. (rElec)
You are resistant to unholy torment.
You are immune to petrification.


Message History

The komodo dragon bites you but does no damage.
The komodo dragon bites you!
You puncture the komodo dragon!
The komodo dragon is heavily wounded.
The komodo dragon bites you but does no damage.
The komodo dragon completely misses you.
You sock the komodo dragon!
The komodo dragon is severely wounded.
The komodo dragon bites you. The komodo dragon bites you!
You hit the komodo dragon.
The komodo dragon is severely wounded.
The komodo dragon bites you!
The komodo dragon bites you but does no damage.
You thump the komodo dragon!
The komodo dragon is almost dead.
The komodo dragon bites you but does no damage.
The komodo dragon bites you!
You are too injured to fight recklessly!
You are too injured to fight recklessly!
You are too injured to fight recklessly!
You are too injured to fight recklessly!
You are too injured to fight recklessly!
You are too injured to fight recklessly!
You are too injured to fight recklessly!
You are too injured to fight recklessly!
You are too injured to fight recklessly!
You are too injured to fight recklessly!
You are too injured to fight recklessly!
You are too injured to fight recklessly!
You are too injured to fight recklessly!
You are too injured to fight recklessly!
You gain the combat prowess of a mighty hero.
The komodo dragon bites you!
* * * LOW HITPOINT WARNING * * *
The komodo dragon bites you but does no damage.
You hit the komodo dragon.
You kill the komodo dragon!
Okawaru is honoured by your kill. The komodo dragon bites you!!
You die...

........................
....................)...
:.......................
........... ............
........# #.#.#....#.#
#.#...#######.#.#.....#
###..P##.##.##.#.....##.
..##..P#................
..##.+........##@l...##.
..#...#.......###....#
..............# .......
..#..#.P####### ....##.
#.##.#### ....P. ####.#
....... . ... ....... #
# .##.#.#


You could see a komodo dragon.

Vanquished Creatures
  6 elephants (Lair:1)
  A gargoyle (D:10)
  3 cane toads (Lair:1)
  2 komodo dragons
  5 slime creatures (D:10)
  A shadow (D:10)
  A wyvern (Lair:1)
  A vampire (D:9)
  9 yaks
  2 steam dragons
  3 water moccasins
  Duvessa (D:5)
  2 ice beasts (D:6)
  4 orc warriors
  A sky beast (D:5)
  2 black bears
  2 ogres
  The ghost of adozu the Shooter, an amateur DrHu (D:3)
  6 centaurs
  2 phantoms
  3 kobold brigands
  7 bullfrogs
  A gnoll sergeant (D:10)
  5 scorpions
  Dowan (D:5)
  4 killer bees (D:8)
  5 electric eels (D:8)
  2 howler monkeys (D:9)
  3 orc priests
  3 hounds
  5 jellies
  2 sleepcaps
  2 iguanas
  9 orc wizards
  5 gnolls
  8 adders
  A shadow imp (D:6)
  An ufetubus (D:4)
  3 worms
  18 orcs
  12 ball pythons
  5 bats
  7 endoplasms
  4 giant cockroaches
  7 goblins
  3 hobgoblins
  A jackal (D:4)
  5 quokkas
  2 frilled lizards
  22 kobolds
  3 rats
214 creatures vanquished.

Vanquished Creatures (others)
  An orc (D:10)
  A fungus (Lair:1)
  11 plants
13 creatures vanquished.

Grand Total: 227 creatures vanquished

Notes
Turn   | Place    | Note
-------+----------+-------------------------------------------
     0 | D:1      | vineage the Gargoyle Fighter began the quest for the Orb.
     0 | D:1      | Reached XP level 1. HP: 14/14 MP: 1/1
   172 | D:1      | Reached XP level 2. HP: 20/20 MP: 2/2
   251 | D:1      | Reached skill level 4 in Fighting
   797 | D:2      | Reached XP level 3. HP: 24/24 MP: 3/3
   884 | D:2      | Identified the +3 robe of Tenacity {Str+5 Int+3 Archmagi}
   969 | D:2      | Found a stormy altar of Qazlal.
  1025 | D:2      | Reached skill level 5 in Fighting
  1068 | D:2      | Reached XP level 4. HP: 21/31 MP: 4/4
  1827 | D:3      | Found Syxiom's Book Boutique.
  1923 | D:3      | Found a runed translucent door.
  1927 | D:3      | Noticed adozu's ghost (amateur DrHu)
  2463 | D:3      | Found a shadowy altar of Dithmenos.
  2499 | D:3      | Killed adozu's ghost
  2500 | D:3      | Reached skill level 6 in Fighting
  2500 | D:3      | Reached XP level 5. HP: 22/37 MP: 5/5
  2707 | D:4      | Reached skill level 7 in Fighting
  2837 | D:4      | Found a staircase to the Ecumenical Temple.
  2880 | Temple   | Entered the Ecumenical Temple
  2901 | Temple   | Became a worshipper of Warmaster Okawaru
  2937 | D:4      | Noticed an ogre
  2942 | D:4      | Killed an ogre
  2943 | D:4      | Reached XP level 6. HP: 13/44 MP: 6/6
  3259 | D:4      | Found a snail-covered altar of Cheibriados.
  3497 | D:5      | Entered Level 5 of the Dungeon
  3497 | D:5      | Found Lecuor's Overcharged Wands.
  3615 | D:5      | Noticed a sky beast
  3623 | D:5      | Killed a sky beast
  3623 | D:5      | Reached * piety under Okawaru
  3624 | D:5      | Reached skill level 8 in Fighting
  3702 | D:5      | Reached XP level 7. HP: 46/50 MP: 7/7
  3739 | D:5      | Reached skill level 1 in Invocations
  3801 | D:5      | Noticed Dowan
  3802 | D:5      | Noticed Duvessa
  3807 | D:5      | Reached skill level 9 in Fighting
  3810 | D:5      | Killed Duvessa
  3813 | D:5      | Reached ** piety under Okawaru
  3823 | D:5      | Killed Dowan
  3824 | D:5      | Reached XP level 8. HP: 30/56 MP: 10/10
  4162 | D:5      | Found Kosyfoda's Antique Weapon Shoppe.
  4197 | D:5      | Found an ornate altar of the Wu Jian Council.
  4345 | D:6      | Reached skill level 10 in Fighting
  4410 | D:6      | Reached skill level 5 in Invocations
  4627 | D:6      | Found an opulent altar of Gozag.
  4711 | D:6      | Reached XP level 9. HP: 61/63 MP: 12/12
  5037 | D:7      | Reached *** piety under Okawaru
  5244 | D:7      | Found a glowing golden altar of the Shining One.
  5536 | D:8      | Found a staircase to the Lair.
  5649 | D:8      | Reached skill level 5 in Shields
  5657 | D:8      | Reached skill level 5 in Armour
  5677 | D:8      | Reached skill level 11 in Fighting
  5694 | D:8      | Reached **** piety under Okawaru
  5701 | D:8      | Reached skill level 5 in Maces & Flails
  5701 | D:8      | Reached XP level 10. HP: 27/70 MP: 5/13
  6005 | D:8      | Found a burning altar of Makhleb.
  7863 | D:10     | Entered Level 10 of the Dungeon
  7981 | D:10     | Found an ancient bone altar of Kikubaaqudgha.
  8219 | D:10     | Reached skill level 12 in Fighting
  8321 | D:10     | Noticed a gargoyle
  8581 | D:10     | Killed a gargoyle
  8582 | D:10     | Reached XP level 11. HP: 63/76 MP: 10/14
  8902 | D:10     | Found a runed translucent gate.
  8902 | D:10     | Found a runed translucent gate.
  8902 | D:10     | Noticed UltrafastDeath's ghost (journeyman TeAE)
  8902 | D:10     | Noticed a nine-headed hydra
  8930 | D:10     | Found a runed translucent gate.
  8930 | D:10     | Noticed a nine-headed hydra
  9390 | Lair:1   | Entered Level 1 of the Lair of Beasts
 10017 | Lair:1   | Reached ***** piety under Okawaru
 10648 | Lair:2   | Slain by a komodo dragon

Illustrated notes

Levels and vault maps discovered:
D:1:      dpeg_arrival_three_same_balls, layout_basic, kennysheep_nondescript
D:2:      minmay_evil_eye, layout_loops_corners, basic_altar,
          grunt_ministairs_13
D:3:      layout_loops_ring, marbit_many_paths, ebering_ghost_reflecting_pool,
          serial_shops, shop, serial_bayou_pond_d
D:4:      layout_rooms, mainiacjoe_overflow_alcove_1,
          minmay_temple_entry_junction, st_stairs_8, minmay_close_crescents
D:5:      layout_basic, lemuel_crystal_altar, serial_shops,
          kennysheep_little_box, nicolae_shop_overcharged_wands, uniq_duvessa
D:6:      layout_rooms, mainiacjoe_overflow_surrounded_room
D:7:      layout_rooms, mainiacjoe_overflow_cross_hatched, serial_glass,
          glass_columns_a, glass_columns_b, chequers_serial_rivers_small_3
D:8:      layout_rooms, lemuel_round_altar, lair_entry_dummy,
          serial_bayou_lagoon_b
D:9:      layout_gridville, nicolae_overflow_hidden_temple, solitary_fountain
D:10:     dreamdust_cave_troll, layout_irregular_city,
          kiku_gazebo_garden_becter, gammafunk_ghost_hydra_chop
Temple:   compressed_dpeg_circular_temple
Lair:1:   layout_cave_shapes, lemuel_fruit_tree, grunt_megastairs_4,
          infiniplex_staircase_pool_2, lemuel_fruit_fields
Lair:2:   layout_regular_city, swamp_mist_pool, uniq_sonja

Skill      XL: |  1  2  3  4  5  6  7  8  9 10 11 |
---------------+----------------------------------+-----
Fighting       | 4 5 6 7 8 9 10 11 12 | 12.7
Invocations    | 3 5 |  5.2
Shields        | 4 6 7 8 |  8.5
Armour         | 4 6 7 8 |  8.5
Maces & Flails | 5 7 9 |  9.1

Action                     |  1- 3 |  4- 6 |  7- 9 | 10-12 || total
---------------------------+-------+-------+-------+-------++-------
  Melee: Flail             |    97 |   147 |       |       ||   244
         Morningstar       |       |     8 |   283 |   489 ||   780
 Invoke: Heroism           |       |       |     2 |    11 ||    13
    Use: Scroll            |     3 |     6 |     4 |     8 ||    21
         Potion            |       |     3 |       |     3 ||     6
   Stab: Sleeping          |     1 |     4 |       |       ||     5
 Armour: Chain mail        |    42 |       |       |       ||    42
         Robe              |    15 |    72 |   137 |       ||   224
         Plate armour      |       |       |    66 |   485 ||   551
  Dodge: Dodged            |    35 |    67 |   124 |   166 ||   392
  Block: Buckler           |    22 |    28 |    89 |   212 ||   351

Table legend: (Time is in decaauts)
 A = Elapsed time spent in this place.
 B = Non-inter-level travel time spent in this place.
 C = Inter-level travel time spent in this place.
 D = Time resting spent in this place.
 E = Time spent auto-exploring this place.
 F = Levels seen in this place.
 G = Mean time per level.
                   A        B        C        D        E       F      G
               +--------+--------+--------+--------+--------+-----+--------+
         Total |  10905 |  10476 |    429 |   1652 |   6700 |  13 |  838.8 |
       Dungeon |   9606 |   9204 |    402 |   1287 |   6044 |  10 |  960.6 |
        Temple |     36 |     21 |     15 |      0 |     14 |   1 |   36.0 |
          Lair |   1262 |   1250 |     12 |    365 |    641 |   2 |  631.0 |
               +--------+--------+--------+--------+--------+-----+--------+

Top non-repeatable levels by time:
    D:10: 1462 daAuts
     D:8: 1313 daAuts
     D:9: 1177 daAuts
  Lair:1: 1163 daAuts
     D:2: 1063 daAuts
     D:4: 900 daAuts
     D:5: 853 daAuts
     D:3: 840 daAuts
     D:1: 738 daAuts
     D:6: 679 daAuts
     D:7: 576 daAuts
  Lair:2: 98 daAuts
  Temple: 36 daAuts
